 Dungeon Crawl Stone Soup version 0.17.0-28-g6e173f8 (webtiles) character file.

110 Kneezus the Charmwright (level 4, 0/43 HPs)
             Began as a High Elf Skald on Nov 24, 2015.
             Killed from afar by an orc wizard (9 damage)
             ... with a magic dart
             ... on level 3 of the Dungeon.
             The game lasted 00:14:27 (2595 turns).

Kneezus the Charmwright (High Elf Skald)            Turns: 2595, Time: 00:14:27

Health: 0/43       AC: 22    Str: 11    XL:     4   Next: 61%
Magic:  8/8        EV:  2    Int: 15    God:
Gold:   85         SH:  0    Dex: 16    Spells: 3 memorised, 1 level left

rFire  . . .     SeeInvis .     a - +0 falchion
rCold  . . .     Clarity  .     (armour currently unavailable)
rNeg   + + +     SustAt   .     (no shield)
rPois  +         Gourm    .     (helmet currently unavailable)
rElec  .         Spirit   .     (cloak currently unavailable)
rCorr  .         Warding  .     (gloves currently unavailable)
rMut   .         NoTele   +     (boots currently unavailable)
MR     .....                    (no amulet)
Stlth  +.........               (no ring)
                                (no ring)

@: tree-form, shrouded (expiring), not resistant to hostile enchantments, very
unstealthy
A: no striking features
a: no special abilities


You were on level 3 of the Dungeon.
You were hungry.
You were a tree.
You visited 1 branch of the dungeon, and saw 3 of its levels.

You collected 85 gold pieces.

Inventory:

Hand Weapons
 a - a +0 falchion (weapon)
Armour
 b - a +0 leather armour (melded)
 e - a +2 cloak
 m - a +0 helmet (melded)
 p - a +1 cloak of poison resistance (melded)
Jewellery
 n - an uncursed ring of loudness
 o - an uncursed ring of teleportation
Scrolls
 g - 2 scrolls of fog
 k - 2 scrolls of remove curse
 s - a scroll of magic mapping
Potions
 f - 2 potions of brilliance
 j - a potion of curing {unknown}
 q - a potion of cancellation {unknown}
Books
 c - a book of Battle

   Spells                             Type                      Level
   a - Infusion                       Charms                       1
   b - Shroud of Golubria             Charms/Translocation         2
   c - Song of Slaying                Charms                       2
   d - Spectral Weapon                Hexes/Charms                 3
   e - Regeneration                   Charms/Necromancy            3
Comestibles
 d - a bread ration
 h - a beef jerky
 i - a meat ration
 r - 3 chunks of flesh


   Skills:
 - Level 2.0 Fighting
 - Level 2.8 Long Blades
 - Level 0.8 Armour
 - Level 1.1 Dodging
 - Level 2.4 Spellcasting
 + Level 1.0 Hexes
 - Level 5.0 Charms
 - Level 3.0 Translocations


You had one spell level left.
You knew the following spells:

 Your Spells              Type           Power        Failure   Level  Hunger
a - Infusion              Chrm           ###...       2%          1    #......
b - Shroud of Golubria    Chrm/Tloc      ##........   8%          2    ###....
c - Spectral Weapon       Hex/Chrm       ##......     21%         3    ###....


Dungeon Overview and Level Annotations

Branches:
Dungeon (3/15)

Altars:
The Shining One

Annotations:
D:2 Ijyb


Message History

Your +0 helmet melds into your body.
Your +0 leather armour melds into your body.
Your roots penetrate the ground.
The orc hits you but does no damage.
The orc wizard hits you but does no damage.
The orc hits you but does no damage.
You cannot move. (Use ctrl+direction to attack without moving.)
You hit the orc wizard.
The orc wizard is severely wounded.
You feel less confused.
Your shroud begins to fray at the edges.
The orc hits you but does no damage.
The orc wizard hits you but does no damage.
The orc hits you with a mace.
* * * LOW HITPOINT WARNING * * *
You closely miss the orc wizard.
The orc wizard is severely wounded.
The orc hits you but does no damage. The orc wizard casts a spell at you.
The magic dart hits you!
You die...

*,* *,* *,* #.# ******,*
#.# ###### ,>,,,,,* #.#
#..... ******,* #.#
#.#### *,* ###** #.# #.#
*,**##...###### #.# #.#
*,,,......oo..#####.###.#
*,**#.....o♣†..((.......#
** *,*
#.....###############
,*****,**##...**
,,,,,,,,,....**
,,,******#.#** ,,,* #,*
,*,* *,*** ******** **,*
*,,,* ******,,,,,,, *,*
*,*,* *,,,,,,*****,


You could see an orc wizard and 2 orcs.

Vanquished Creatures
  3 river rats (D:3)
  2 adders
  An ooze (D:3)
  3 worms
  3 giant geckos
  2 orcs (D:3)
  7 bats
  3 giant cockroaches
  2 goblins (D:1)
  7 hobgoblins
  A quokka (D:2)
  2 ball pythons (D:3)
  2 giant newts (D:3)
  7 kobolds
  5 rats
50 creatures vanquished.

Notes
Turn   | Place    | Note
--------------------------------------------------------------
     0 | D:1      | Kneezus the High Elf Skald began the quest for the Orb.
     0 | D:1      | Reached XP level 1. HP: 14/14 MP: 4/4
   103 | D:1      | Reached skill level 4 in Charms
   162 | D:1      | Reached XP level 2. HP: 10/19 MP: 6/6
   305 | D:1      | Learned a level 2 spell: Shroud of Golubria
   637 | D:1      | Reached skill level 1 in Translocations
   988 | D:1      | Reached XP level 3. HP: 13/24 MP: 4/7
  1580 | D:2      | Noticed Ijyb
  1839 | D:3      | Found a faded altar to an unknown god.
  1844 | D:3      | Found a glowing golden altar of the Shining One.
  1907 | D:3      | Reached XP level 4. HP: 12/29 MP: 4/8
  2192 | D:3      | Learned a level 3 spell: Spectral Weapon
  2204 | D:3      | Found a glowing drain.
  2419 | D:3      | Reached skill level 5 in Charms
  2578 | D:3      | Reached skill level 1 in Hexes
  2595 | D:3      | Killed from afar by an orc wizard

Action                   |  1- 3 |  4- 6 || total
-------------------------+-------+-------++-------
Melee: Falchion          |   126 |    65 ||   191
 Cast: Infusion          |     7 |     3 ||    10
       Shroud of Golubri |     1 |     5 ||     6
  Use: Scroll            |     5 |     1 ||     6
       Potion            |       |     2 ||     2
 Stab: Sleeping          |     1 |     1 ||     2
  Eat: Chunk             |     3 |     1 ||     4
       Beef jerky        |       |     1 ||     1
